 Dungeon Crawl Stone Soup version 0.23.0 (webtiles) character file.

Game seed: 13468813256239404454

145 xedar the Poker (level 5, 0/40 HPs)
             Began as a Merfolk Skald on Feb 19, 2019.
             Was a Follower of Okawaru.
             Succumbed to an adder's poison
             ... on level 2 of the Dungeon.
             The game lasted 00:20:26 (1590 turns).

xedar the Poker (Merfolk Skald)                     Turns: 1590, Time: 00:20:27

Health: 0/40       AC:  4    Str: 11    XL:     5   Next: 27%
Magic:  8/8        EV: 13    Int: 12    God:    Okawaru [*.....]
Gold:   105        SH:  0    Dex: 15    Spells: 7/8 levels left

rFire    . . .     SeeInvis .   a - +0 spear
rCold    . . .     Gourm    .   (no shield)
rNeg     . . .     Faith    .   g - +1 leather armour
rPois    .         Spirit   .   (no helmet)
rElec    .         Reflect  .   (no cloak)
rCorr    .         Harm     .   (no gloves)
MR       .....                  (no boots)
Stlth    +.........             (no amulet)
HPRegen  0.13/turn              (no ring)
MPRegen  0.11/turn              (no ring)

@: lethally poisoned (0 -> -4)
A: change form in water, swift swim, stealthy swim
a: Heroism, Renounce Religion


You were on level 2 of the Dungeon.
You worshipped Okawaru.
Okawaru was aware of your devotion.
You were not hungry.

You visited 1 branch of the dungeon, and saw 2 of its levels.

You collected 105 gold pieces.

Inventory:

Hand Weapons
 a - a +0 spear (weapon)
 c - a +0 hunting sling
 k - a +4 mace
Missiles
 j - 14 bolts
 m - 50 stones (quivered)
 o - 39 arrows
Armour
 g - a +1 leather armour (worn)
Wands
 e - a wand of acid (6)
 y - a wand of random effects (26)
Scrolls
 f - 2 scrolls of identify
 h - a scroll of fear {unknown}
 i - a scroll of teleportation {unknown}
 t - a scroll of magic mapping
 v - 2 scrolls of remove curse
Potions
 b - a potion of flight {unknown}
 l - a potion of brilliance
 n - a potion of lignification {unknown}
Comestibles
 d - 5 rations


   Skills:
 + Level 2.9 Fighting
 * Level 5.7 Polearms
 + Level 1.4 Armour
 + Level 3.7 Dodging
 + Level 2.0 Spellcasting
 + Level 3.5 Charms


You had 7 spell levels left.
You knew the following spells:

 Your Spells              Type           Power        Failure   Level  Hunger
a - Infusion              Chrm           #...         9%          1    ##.....

Your spell library contained the following spells:

 Spells                   Type           Power        Failure   Level  Hunger
 Song of Slaying          Chrm           #.......     12%         2    ###....
 Shroud of Golubria       Chrm/Tloc      #.........   26%         2    ###....
 Regeneration             Chrm/Necr      #.........   45%         3    ####...
 Spectral Weapon          Hex/Chrm       #.......     45%         3    ####...


Dungeon Overview and Level Annotations

Branches:
Dungeon (2/15)

Altars:
Okawaru
Xom


Message History

* * * LOW HITPOINT WARNING * * *
You feel sick. The adder misses you.
You closely miss the adder.
The adder is moderately wounded.
The adder barely misses you.
You hit the adder.
The adder is moderately wounded.
* * * LOW HITPOINT WARNING * * *
You feel sick. The adder bites you.
* * * LOW HITPOINT WARNING * * *
The adder barely misses you.
Your leather armour prevents you from hitting the adder.
The adder is moderately wounded.
* * * LOW HITPOINT WARNING * * *
You feel sick. The adder barely misses you.
* * * LOW HITPOINT WARNING * * *
You feel sick.
* * * LOW HITPOINT WARNING * * *
You feel sick. The adder misses you.
You die...

....###..# #..# #... ....#
##.###.## #.# #.$#
†#######.....# #.# #..#
........##.### ####.# #..
†######.##.# ##....###.#
...###.#.#.######.....##..#
#.....###..............#..#
#..###.#.#.####........#..#
#
...####.##......@.S...w...#
#
..†..##.#######†.......####
# .....##.# ##.......#
........# ##.....##
......#### ......##
........... ####.###
......##### #.# ...#### #.#
#### #.#


You could see a worm and an adder.

Vanquished Creatures
  A water moccasin zombie (D:2)
  4 adders (D:2)
  An ooze (D:1)
  2 dart slugs (D:2)
  A leopard gecko (D:1)
  2 ball pythons (D:2)
  2 giant cockroaches
  5 goblins
  5 hobgoblins
  7 jackals
  5 kobolds
  5 bats
  2 frilled lizards (D:1)
  4 rats
  2 butterflies (D:2)
48 creatures vanquished.

Notes
Turn   | Place    | Note
-------+----------+-------------------------------------------
     0 | D:1      | xedar the Merfolk Skald began the quest for the Orb.
     0 | D:1      | Reached XP level 1. HP: 16/16 MP: 3/3
    17 | D:1      | Found an iron altar of Okawaru.
    92 | D:1      | Became a worshipper of Warmaster Okawaru
   105 | D:1      | Reached XP level 2. HP: 21/23 MP: 5/5
   623 | D:1      | Reached skill level 4 in Polearms
   623 | D:1      | Reached XP level 3. HP: 13/28 MP: 6/6
   933 | D:2      | Reached skill level 1 in Armour
   948 | D:2      | Found a shimmering altar of Xom.
  1016 | D:2      | Reached XP level 4. HP: 9/34 MP: 7/7
  1436 | D:2      | Reached skill level 5 in Polearms
  1436 | D:2      | Reached XP level 5. HP: 20/40 MP: 8/8
  1554 | D:2      | Reached * piety under Okawaru
  1584 | D:2      | HP: 2/40 [poisoned by an adder]
  1590 | D:2      | Succumbed to an adder's poison

Skill      XL: |  1  2  3  4 |
---------------+-------------+-----
Polearms       | 4 5 |  5.7
Dodging        | 3 |  3.7
Armour         | 1 |  1.4
Fighting       | |  2.9
Spellcasting   | |  2.0
Charms         | |  3.5

Action                   |  1- 3 |  4- 6 || total
-------------------------+-------+-------++-------
Melee: Spear             |   146 |    82 ||   228
  Use: Scroll            |     5 |     1 ||     6
       Potion            |     1 |     1 ||     2
  Eat: Ration            |       |     1 ||     1
Armor: Leather armour    |    38 |    21 ||    59
Dodge: Dodged            |    81 |    43 ||   124
